 Dungeon Crawl Stone Soup version 0.28-a0-390-gb254ac4902 (webtiles) character file.

Game seed: 13583979623066329042

33 Armakuni the Slasher (level 3, -1/30 HPs)
             Began as a Human Cinder Acolyte on Sept 3, 2021.
             Was an Elder of Ignis.
             Succumbed to an adder's poison
             ... on level 1 of the Dungeon.
             The game lasted 00:02:11 (930 turns).

Armakuni the Slasher (Human Cinder Acolyte)          Turns: 930, Time: 00:02:11

Health: -1/30      AC:  3    Str: 15    XL:     3   Next: 47%
Magic:  4/4        EV: 11    Int: 14    God:    Ignis [****..]
Gold:   75         SH:  0    Dex:  8    Spells: 4/4 levels left

rFire   + . .      SeeInvis .   a - -1 falchion (flame)
rCold   . . .      Faith    .   (no shield)
rNeg    . . .      Spirit   .   b - +0 robe
rPois   .          Reflect  .   (no helmet)
rElec   .          Harm     .   c - +0 cloak
rCorr   .          Rampage  .   (no gloves)
Will    +....                   (no boots)
Stlth   +.........              (no amulet)
HPRegen 0.10/turn               W - ring of willpower
MPRegen 0.09/turn               (no ring)

@: lethally poisoned (-1 -> -6)
A: no striking features
a: Renounce Religion, Sea of Fire, Foxfire Swarm, Rising Flame


You were on level 1 of the Dungeon.
You worshipped Ignis.
Ignis was greatly pleased with you.
You visited 1 branch of the dungeon, and saw 2 of its levels.

You collected 75 gold pieces.

Inventory:

Hand Weapons
 a - a -1 falchion of flaming (weapon)
 d - a +0 quarterstaff
Armour
 b - a +0 robe (worn)
 c - a +0 cloak (worn)
Jewellery
 W - a ring of willpower (left hand)


   Skills:
 + Level 3.7 Fighting
 + Level 3.7 Long Blades
 - Level 1.0 Spellcasting
 - Level 3.0 Fire Magic


You had 4 spell levels left.
You didn't know any spells.
Your spell library contained the following spells:

 Spells                   Type           Power      Damage    Failure   Level
 Scorch                   Fire           18%        2d6       12%         2


Dungeon Overview and Level Annotations

Branches:
Dungeon (2/15)

Altars:

Shops:
D:1 !


Message History

You hit the gnoll. You burn the gnoll.
The gnoll is moderately wounded.
The gnoll barely misses you.
You barely miss the gnoll.
The gnoll is moderately wounded.
The gnoll hits you with a +0 club.
* * * LOW HITPOINT WARNING * * *
You hit the gnoll. You burn the gnoll.
The gnoll is heavily wounded.
The gnoll hits you with a +0 club.
* * * LOW HITPOINT WARNING * * *
You closely miss the gnoll.
The gnoll is heavily wounded.
The gnoll barely misses you.
You hit the gnoll. You burn the gnoll.
The gnoll is severely wounded.
The gnoll misses you.
You closely miss the gnoll.
The gnoll is severely wounded.
The gnoll closely misses you. x2
You slash the gnoll! You burn the gnoll.
You kill the gnoll!
The adder misses you.
You hit the adder. You burn the adder.
The adder is heavily wounded.
The adder closely misses you.
You miss the adder.
The adder is heavily wounded.
The adder closely misses you. x2
You aren't carrying any potions.
You aren't carrying any scrolls.
You hit the adder but do no damage.
The adder is heavily wounded.
The adder bites you.
* * * LOW HITPOINT WARNING * * *
You are lethally poisoned!
The adder poisons you!
You closely miss the adder.
The adder is heavily wounded.
You die...

.......≈≈(..........####.#...####
...............#..>.# #..)......
##############'###### ###)#.....
#.#.#♣♣♣♣♣#.#.#.....
#.............#.....
#..♣..♣.♣..♣..#.....
#≈#♣♣..≈..♣♣#≈##....
#≈#P♣.≈≈≈.♣P#≈#.....
#≈#@Sg≈8≈..<#≈#.#.##
#≈#P♣.≈≈≈.♣P#≈#.#.#.
#≈#♣♣..≈..♣♣#≈#.#...
#..♣..♣.♣..♣..#.....
#.............#####.
#.#.#♣♣♣♣♣#.#.#)....
#'###########'#.##.#
#...............##.#
##################..


You could see a gnoll and an adder.

Vanquished Creatures
  A gnoll (D:1)
  A dart slug (D:1)
  4 endoplasms (D:1)
  A giant cockroach (D:1)
  A goblin (D:1)
  4 jackals (D:1)
  4 kobolds (D:1)
  2 bats (D:1)
  A frilled lizard (D:1)
19 creatures vanquished.

Vanquished Creatures (others)
  A goblin (D:1)
  14 foxfires (D:1)
15 creatures vanquished.

Grand Total: 34 creatures vanquished

Notes
Turn   | Place    | Note
-------+----------+-------------------------------------------
     0 | D:1      | Armakuni the Human Cinder Acolyte began the quest for the
                  | Orb.
     0 | D:1      | Reached XP level 1. HP: 18/18 MP: 2/2
   233 | D:1      | Reached XP level 2. HP: 21/24 MP: 3/3
   504 | D:1      | Found Efah's Distillery.
   557 | D:1      | Reached XP level 3. HP: 24/29 MP: 4/4
   929 | D:1      | HP: 1/30 [adder (4)]
   930 | D:1      | Succumbed to an adder's poison

Illustrated notes

Levels and vault maps discovered:
D:1:      tarquinn_simple_flora_water_b, layout_basic, serial_shops, shop,
          lemuel_old_faithful
D:2:      layout_basic, basic_altar, kennysheep_generic_room_15

Action                   || total
-------------------------++-------
Melee: Falchion          ||    47
Invok: Foxfire Swarm     ||     4
  Use: Scroll            ||     1
Armor: Robe              ||    10
Dodge: Dodged            ||    35

Table legend: (Time is in decaauts)
 A = Elapsed time spent in this place.
 B = Non-inter-level travel time spent in this place.
 C = Inter-level travel time spent in this place.
 D = Time resting spent in this place.
 E = Time spent auto-exploring this place.
 F = Levels seen in this place.
 G = Mean time per level.
                   A        B        C        D        E       F      G
               +--------+--------+--------+--------+--------+-----+--------+
         Total |    934 |    920 |     14 |    380 |    355 |   2 |  467.0 |
       Dungeon |    934 |    920 |     14 |    380 |    355 |   2 |  467.0 |
               +--------+--------+--------+--------+--------+-----+--------+

Top non-repeatable levels by time:
     D:1: 932 daAuts
     D:2: 1 daAuts
